 Dungeon Crawl Stone Soup version 0.31-a0-1626-g5cb510d322 (webtiles) character file.

Game seed: 10474567064513435852

131 LeprechaunX the Changeling (level 5, -13/34 HPs)
             Began as an Octopode Shapeshifter on Jan 12, 2024.
             Mangled by Crazy Yiuf
             ... wielding a +4 quarterstaff of chaos
              (15 damage)
             ... on level 2 of the Dungeon.
             The game lasted 00:02:13 (1949 turns).

LeprechaunX the Changeling (Octopode Shapeshifter)  Turns: 1949, Time: 00:02:13

Health: -13/34     AC:  1    Str: 14    XL:     5   Next: 14%
Magic:  14/14      EV: 11    Int: 12    God:
Gold:   132        SH:  7    Dex: 13    Spells: 4/4 levels left

rFire   + .          .
                       - Unarmed
rCold   . . .        q - +0 kite shield
rNeg    . . .        (helmet currently unavailable)
rPois   .            (no amulet)
rElec   .            i - ring of protection from fire
rCorr   .            k - ring of magical power
SInv    .            (no ring)
Will    .....        (no ring)
Stlth   ++           (no ring)
HPRegen 0.25/turn    (no ring)
MPRegen 0.14/turn    (no ring)
                     (no ring)

%: no passive effects
@: beast-form
A: beast (slay +2), almost no armour, amphibious, 8 rings, camouflage 1,
gelatinous body 1, (nimble swimmer 1), tentacles
a: Begin Untransformation


You were on level 2 of the Dungeon.
You were a hulking beast.
You visited 1 branch of the dungeon, and saw 2 of its levels.

You collected 132 gold pieces.

Inventory:

Armour
 j - an orb of wrath
 m - a +0 tower shield
 q - a +0 kite shield (worn)
Jewellery
 f - a ring of fire
 i - a ring of protection from fire (left tentacle)
 k - a ring of magical power (right tentacle)
 r - a ring of fire
Talismans
 b - a beast talisman
 c - a flux talisman
Scrolls
 d - a scroll of blinking {unknown}
 g - 2 scrolls of teleportation {unknown}
 l - a scroll of enchant weapon {unknown}
 p - a scroll of identify {unknown}
Potions
 a - 2 potions of lignification
 e - a potion of resistance {unknown}
 h - 2 potions of degeneration {unknown}
 n - a potion of heal wounds {unknown}
 o - a potion of brilliance {unknown}
 s - a potion of curing {unknown}


   Skills:
 + Level 2.1 Fighting
 + Level 2.8 Dodging
 + Level 0.6 Shields
 + Level 3.6 Unarmed Combat
 * Level 4.0 Shapeshifting


You had 4 spell levels left.
You didn't know any spells.
Your spell library contained the following spells:

 Spells                   Type           Power      Damage    Failure   Level
 Scorch                   Fire           0%         2d5       88%         2
 Volatile Blastmotes      Fire/Tloc      0%         2d10      98%         3
 Flame Wave               Conj/Fire      0%         2d4       100%        4
 Ignite Poison            Fire/Alch      0%         N/A       100%        4
 Borgnjor's Vile Clutch   Necr/Erth      0%         N/A       100%        5
 Summon Cactus Giant      Summ           0%         N/A       100%        6


Dungeon Overview and Level Annotations

Branches:
Dungeon (2/15)

Altars:

Annotations:
D:2 Crazy Yiuf


Innate Abilities, Weirdness & Mutations

You are a hulking beast.
Your limbs bulge with bestial killing power. (Slay +2)
You cannot wear most types of armour.
You are amphibious.
You can wear up to eight rings at the same time.
Your skin changes colour to match your surroundings (Stealth+).
Your rubbery body absorbs attacks. (AC +1, EV +1)
((You are camouflaged when in or above water. (Stealth+)))
You have tentacles for arms and can constrict up to eight enemies at once.


Message History

You lose your grip on the fungus.
You tentacle-slap the fungus.
The fungus begins to die.
You grab the fungus.
The fungus is lightly damaged.
You constrict the fungus. You tentacle-slap the fungus. You squeeze the fungus.
The fungus is lightly damaged.
You constrict the fungus.
You tentacle-slap the fungus but do no damage.
You squeeze the fungus!
The fungus is lightly damaged.
You constrict the fungus. You bludgeon the fungus! You squeeze the fungus!
The fungus is moderately damaged.
You constrict the fungus. You bludgeon the fungus!
The fungus is moderately damaged.
You constrict the fungus.
A nearby fungus withers and dies.
You lose your grip on the fungus.
Found two hammers.
Found a runed translucent door.
You see here a +0 hammer.
You see here a +0 hammer.
Found a shimmering hammer and a glowing hammer.
As you open the door, it creaks loudly!
Crazy Yiuf shouts!
Crazy Yiuf cries, "Island!
Seed illywillydillykilly sing."
There is an open translucent door here.
You tentacle-slap Crazy Yiuf. You grab Crazy Yiuf.
Crazy Yiuf is lightly wounded.
You constrict Crazy Yiuf.
Crazy Yiuf hits you with a +4 quarterstaff of chaos!!
Ouch! That really hurt!
Crazy Yiuf burns you.
You tentacle-slap Crazy Yiuf but do no damage.
Crazy Yiuf is moderately wounded.
You constrict Crazy Yiuf.
Crazy Yiuf hits you with a +4 quarterstaff of chaos!
* * * LOW HITPOINT WARNING * * *
Crazy Yiuf freezes you.
* * * LOW HITPOINT WARNING * * *
Crazy Yiuf hits you with a +4 quarterstaff of chaos!
You die...

#.###.# #.# #.# #.#
#.##..######)####.#
#.# #####
#.#..##........##.#
#.# #...#
#############.....#
#†# #...#
#..##.###.# ##...##
#..'......#
#.....##♣♣ ####
#..#####..)
#..(..#.P♣♣ ♣♣#..)#
#..# #.##
#.........♣♣♣♣.hg..#
#..# #.#
#.......♣P.♣).♣#).)#
#### #.#
#....##.P.♣)♣♣♣ ####
#.# ##.######♣♣♣♣♣
#.# .#.# ### #.#
##.###.###########
#.#
##.##.÷..........#
#.#
##.##.#..........#
#.#
...##.#..........#
#.#


You could see Crazy Yiuf.

Vanquished Creatures
  An orc priest (D:2)
  Terence (D:2)
  An adder (D:2)
  A dart slug (D:2)
  2 orcs (D:2)
  8 ball pythons
  9 bats
  4 endoplasms
  2 giant cockroaches (D:2)
  4 goblins
  5 hobgoblins
  2 jackals (D:1)
  6 kobolds
  3 quokkas
  7 frilled lizards
  4 rats
60 creatures vanquished.

Notes
Turn   | Place    | Note
-------+----------+-------------------------------------------
     0 | D:1      | LeprechaunX the Octopode Shapeshifter began the quest for
                  | the Orb.
     0 | D:1      | Reached XP level 1. HP: 13/13 MP: 1/1
   135 | D:1      | Reached XP level 2. HP: 18/18 MP: 2/2
   386 | D:1      | Reached XP level 3. HP: 20/23 MP: 3/3
   998 | D:2      | Reached XP level 4. HP: 10/29 MP: 4/4
  1259 | D:2      | Got the Book of Sinister Anthracomancy
  1688 | D:2      | Noticed Terence
  1696 | D:2      | Killed Terence
  1697 | D:2      | Reached skill level 4 in Shapeshifting
  1697 | D:2      | Reached XP level 5. HP: 22/34 MP: 5/5
  1942 | D:2      | Found a runed translucent door.
  1943 | D:2      | Noticed Crazy Yiuf
  1949 | D:2      | Mangled by Crazy Yiuf

Illustrated notes

Levels and vault maps discovered:
D:1:      nagdon_arrival_zigzag_paths, layout_loops_ring, reono_crystal_passage,
          minivault_25
D:2:      cheibrodos_pilgrimage, layout_basic, minmay_split_cup_large,
          uniq_crazy_yiuf_cottage, uniq_terence

Skill      XL: |  1  2  3  4 |
---------------+-------------+-----
Fighting       | 2 |  2.1
Shapeshifting  | 4 |  4.0
Dodging        | |  2.8
Shields        | |  0.6
Unarmed Combat | |  3.6

Action                     |  1- 3 |  4- 6 || total
---------------------------+-------+-------++-------
  Melee: Unarmed           |    50 |    60 ||   110
         Constrict         |    11 |    20 ||    31
         Tentacles         |     9 |    18 ||    27
         Punch             |     1 |     2 ||     3
   Stab: Sleeping          |     5 |     6 ||    11
 Armour: Skin              |    16 |    22 ||    38
  Dodge: Dodged            |    39 |    21 ||    60
  Block: Tower shield      |       |    10 ||    10
         Kite shield       |       |     6 ||     6

Table legend: (Time is in decaauts)
 A = Elapsed time spent in this place.
 B = Non-inter-level travel time spent in this place.
 C = Inter-level travel time spent in this place.
 D = Time resting spent in this place.
 E = Time spent auto-exploring this place.
 F = Levels seen in this place.
 G = Mean time per level.
                   A        B        C        D        E       F      G
               +--------+--------+--------+--------+--------+-----+--------+
         Total |   1957 |   1917 |     40 |    168 |   1379 |   2 |  978.5 |
       Dungeon |   1957 |   1917 |     40 |    168 |   1379 |   2 |  978.5 |
               +--------+--------+--------+--------+--------+-----+--------+

Top non-repeatable levels by time:
     D:2: 1210 daAuts
     D:1: 747 daAuts
